 Dungeon Crawl Stone Soup version 0.20.1-1-g8b1a95d (webtiles) character file.

63 vatarom the Insei (level 3, 0/28 HPs)
             Began as a Draconian Transmuter on Sept 5, 2017.
             Was an Initiate of Ashenzari.
             Killed from afar by an orc wizard (8 damage)
             ... with a puff of flame
             ... on level 3 of the Dungeon.
             The game lasted 00:07:00 (2260 turns).

vatarom the Insei (Draconian Transmuter)            Turns: 2260, Time: 00:07:01

Health: 0/28       AC:  8    Str: 12    XL:     3   Next: 89%
Magic:  1/6        EV: 12    Int: 13    God:    Ashenzari [......]
Gold:   154        SH:  0    Dex: 12    Spells: 0/6 levels left

rFire    . . .     SeeInvis .     - Unarmed
rCold    . . .     Gourm    .   (no shield)
rNeg     . . .     Faith    .   (armour unavailable)
rPois    +         Spirit   .   p - +0 hat
rElec    .         Reflect  .   g - +1 cloak
rCorr    .         Harm     .   r - +0 pair of gloves
MR       .....                  (boots currently unavailable)
Stlth    +.........             (no amulet)
Regen    0.1/turn               j - ring of poison resistance
MPRegen  0.1/turn               (no ring)

@: appendage, very slightly contaminated, drained
A: unfitting armour, talons 3, cold-blooded, AC +5
a: End Transformation, Curse Item, Renounce Religion


You were on level 3 of the Dungeon.
You worshipped Ashenzari.
Ashenzari was noncommittal.
You were not hungry.
You had grown temporary talons.
You visited 1 branch of the dungeon, and saw 3 of its levels.

You collected 154 gold pieces.

Inventory:

Missiles
 a - 16 arrows
Armour
 g - a +1 cloak (worn)
 p - a +0 hat (worn)
 r - a +0 pair of gloves (worn)
Jewellery
 j - a ring of poison resistance (left hand)
Scrolls
 d - 3 scrolls of identify
 l - a scroll of fog
 o - 3 scrolls of amnesia
Potions
 f - a potion of flight {unknown}
 h - a potion of ambrosia
 k - a potion of agility {unknown}
 n - a potion of berserk rage {unknown}
 s - a potion of invisibility {unknown}
Books
 b - a book of Changes

   Spells                             Type                      Level
   a - Beastly Appendage              Transmutation                1
   b - Sticks to Snakes               Transmutation                2
   c - Spider Form                    Transmutation/Poison         3
   d - Ice Form                       Ice/Transmutation            4
   e - Blade Hands                    Transmutation                5
Comestibles
 c - a bread ration
 i - a fruit
 m - a meat ration
 q - 8 chunks of flesh


   Skills:
 - Level 1.1(1.0) Fighting
 - Level 1.7(1.6) Dodging
 + Level 4.6(4.5) Unarmed Combat
 - Level 2.0(1.8) Spellcasting
 + Level 2.4(2.2) Transmutations


You couldn't memorise any spells.
You knew the following spells:

 Your Spells              Type           Power        Failure   Level  Hunger
a - Beastly Appendage     Tmut           #.....       10%         1    ##.....
b - Sticks to Snakes      Tmut           #.......     16%         2    ###....
c - Spider Form           Tmut/Pois      #.........   43%         3    ####...


Dungeon Overview and Level Annotations

Branches:
Dungeon (3/15)

Altars:
Ashenzari
Kikubaaqudgha


Innate Abilities, Weirdness & Mutations

Your plain brown scales are hard. (AC +5)
You cannot fit into any form of body armour.
You are cold-blooded and may be slowed by cold attacks.
You have claws for feet.


Message History

You barely miss the orc wizard. You claw the orc wizard.
Your tail-slap misses the orc wizard.
The orc wizard is heavily wounded.
The orc wizard gestures at you while chanting.
The puff of frost misses you.
You closely miss the orc wizard. Your kick misses the orc wizard.
You tail-slap the orc wizard, but do no damage.
The orc wizard is heavily wounded.
The orc wizard hits you but does no damage.
You hit the orc wizard but do no damage.
The orc wizard is moderately wounded.
The orc wizard points at you and mumbles some strange words.
The puff of frost hits you!
* * * LOW HITPOINT WARNING * * *
You hit the orc wizard.
You punch the orc wizard, but do no damage.
The orc wizard is severely wounded.
The orc wizard gestures at you while chanting.
The puff of flame hits you!
You die...

# ...............#
.###........#.#.# .
.........#o#.#
#.######)#.#.# #.#l#.#
#o#o#.### # #.......#
#.o....#.########)######
...o..#..@olo.........###
#.>..###########........#
....# ######.#.# ...###
#.#.# ....##### #####
#.#.# ###........ ...#
#.#.# ..#†..#
####.###.#.# #.#...#
#........#.# .. #.#...#
#####.##.#####.#


You could see an orc wizard, an orc and a frilled lizard.

Vanquished Creatures
  2 worms (D:2)
  A dart slug (D:3)
  3 leopard geckos
  An orc (D:3)
  2 giant cockroaches
  5 hobgoblins
  4 jackals (D:2)
  6 kobolds
  7 bats
  5 frilled lizards
  5 goblins
  6 rats
47 creatures vanquished.

Vanquished Creatures (collateral kills)
  2 orcs (D:3)
  A kobold (D:3)
3 creatures vanquished.

Grand Total: 50 creatures vanquished

Notes
Turn   | Place    | Note
-------+----------+-------------------------------------------
     0 | D:1      | vatarom the Draconian Transmuter began the quest for the Orb.
     0 | D:1      | Reached XP level 1. HP: 16/16 MP: 3/3
   256 | D:1      | Reached XP level 2. HP: 22/23 MP: 3/5
   263 | D:1      | Learned a level 2 spell: Sticks to Snakes
   815 | D:2      | Reached skill level 4 in Unarmed Combat
   877 | D:2      | Found a shattered altar of Ashenzari.
  1220 | D:2      | Became a worshipper of Ashenzari the Shackled
  1411 | D:2      | Reached XP level 3. HP: 28/28 MP: 4/6
  1456 | D:2      | Learned a level 3 spell: Spider Form
  1755 | D:2      | Found a faded altar of an unknown god.
  1964 | D:3      | Found an ancient bone altar of Kikubaaqudgha.
  2260 | D:3      | Killed from afar by an orc wizard

Skill      XL: |  1  2 |
---------------+-------+-----
Unarmed Combat | 4 |  4.6
Fighting       | |  1.1
Dodging        | |  1.7
Spellcasting   | |  2.0
Transmutations | |  2.4

Action                   || total
-------------------------++-------
Melee: Unarmed           ||   175
       Tailslap          ||    13
       Kick              ||     5
       Headbutt          ||     2
       Punch             ||     3
 Cast: Beastly Appendage ||    19
       Sticks to Snakes  ||     8
  Use: Scroll            ||     6
       Potion            ||     2
 Stab: Sleeping          ||     1
  Eat: Chunk             ||     4
       Bread ration      ||     1
Armor: Skin              ||    55
Dodge: Dodged            ||   119
